 Dungeon Crawl Stone Soup version 0.28.0-45-g0d030f2227 (webtiles) character file.

Game seed: 8035218585953403762

77 raph the Poker (level 4, -3/33 HPs)
             Began as a Merfolk Gladiator on May 12, 2022.
             Killed by nerve-wracking pain
             ... invoked by Grinder
              (11 damage)
             ... while paralysed by Grinder
             ... on level 3 of the Dungeon.
             The game lasted 00:02:16 (1704 turns).

raph the Poker (Merfolk Gladiator)                  Turns: 1704, Time: 00:02:17

Health: -3/33      AC:  4    Str: 14    XL:     4   Next: 33%
Magic:  4/4        EV:  2    Int:  7    God:
Gold:   61         SH:  0    Dex: 17    Spells: 3/3 levels left

rFire   . . .      SeeInvis .   a - +0 trident
rCold   . . .      Faith    .   (no shield)
rNeg    . . .      Spirit   .   b - +0 leather armour
rPois   .          Reflect  .   c - +0 helmet
rElec   .          Harm     .   (no cloak)
rCorr   .          Rampage  .   (no gloves)
Will    .....                   (no boots)
Stlth   +.........              (no amulet)
HPRegen 0.11/turn               (no ring)
MPRegen 0.09/turn               (no ring)

@: paralysed
A: (nimble swimmer 2), mertail
a: no special abilities


You were on level 3 of the Dungeon.
You visited 1 branch of the dungeon, and saw 3 of its levels.

You collected 61 gold pieces.

Inventory:

Hand Weapons
 a - a +0 trident (weapon)
Missiles
 d - 2 throwing nets (quivered)
Armour
 b - a +0 leather armour (worn)
 c - a +0 helmet (worn)
Jewellery
 g - a +6 ring of dexterity
 h - a +4 ring of protection
Scrolls
 e - a scroll of vulnerability {unknown}
 f - 2 scrolls of identify {unknown}
Potions
 i - a potion of attraction {unknown}
 j - 2 potions of invisibility {unknown}
 k - a potion of degeneration {unknown}


   Skills:
 - Level 2.1 Fighting
 + Level 7.3 Polearms
 - Level 2.0 Throwing
 - Level 4.0 Dodging


You had 3 spell levels left.
You didn't know any spells.
Your spell library contained the following spells:

 Spells                   Type           Power      Damage    Failure   Level
 Stone Arrow              Conj/Erth      0%         3d7       87%         3
 Animate Armour           Summ/Erth      0%         N/A       99%         4
 Lehudib's Crystal Spear  Conj/Erth      0%         10d2      100%        8


Dungeon Overview and Level Annotations

Branches:
Dungeon (3/15)

Altars:
Trog

Annotations:
D:3 Grinder


Innate Abilities, Weirdness & Mutations

((You are very nimble when in or above water. (Stealth+, EV+, Speed+++)))
Your lower body shifts to a powerful aquatic tail in water.


Message History

Grinder is moderately wounded.
Grinder hits you but does no damage.
You closely miss Grinder.
Grinder is moderately wounded.
Grinder hits you but does no damage.
You hit Grinder.
Grinder is heavily wounded.
Grinder closely misses you.
You closely miss Grinder.
Grinder is heavily wounded.
Grinder gestures at you. You resist with significant effort.
You hit Grinder but do no damage.
Grinder is heavily wounded.
Grinder rolls her eyes.
Grinder blinks!
You reach to attack!
You hit Grinder.
Grinder is heavily wounded.
You reach to attack!
You barely miss Grinder.
Grinder is heavily wounded.
Reach: a) +0 trident
Press: ? - help, Dir - move target, f/p - Grinder
Aim: Grinder (heavily wounded, about 40% to evade your +0 trident)
You hit Grinder.
Grinder is heavily wounded.
Grinder gestures at you. Pain shoots through your body!
* * * LOW HITPOINT WARNING * * *
Throw: 3 throwing nets
Press: ? - help, Q - select action Shift-Dir - straight line, f/p - Grinder
Aim: Grinder (heavily wounded, 58% to hit)
You throw a throwing net. The throwing net hits Grinder.
Grinder is caught in the net!
Grinder is heavily wounded.
Grinder gestures at you.
You suddenly lose the ability to move!
Grinder struggles against the net.
Grinder struggles against the net. x3
Grinder gestures at you. Pain shoots through your body!
You die...

..>###########...#......
...#### ##...###...
.......###### #.#.###.#.
.....#......###.#.....#.
.............##.####..(.
..............#..# ##.##
......!......(##.# #.#.
..............##.# #.#.
.......@......##.# ##.#.
.......5......##.# #....
..............##.# #..##
...............#.###..#
...!.............†##..#
......................#
###........#####.#.#.##
#........# .......#
####.. #.#######


You could see Grinder (caught).

Vanquished Creatures
  Terence (D:3)
  2 worms
  2 dart slugs
  A ball python (D:1)
  4 endoplasms
  A giant cockroach (D:2)
  5 goblins
  3 hobgoblins
  5 jackals
  5 kobolds
  A quokka (D:3)
  A ball python skeleton (D:3)
  5 bats
  4 rats
40 creatures vanquished.

Notes
Turn   | Place    | Note
-------+----------+-------------------------------------------
     0 | D:1      | raph the Merfolk Gladiator began the quest for the Orb.
     0 | D:1      | Reached XP level 1. HP: 16/16 MP: 1/1
    81 | D:1      | Reached skill level 5 in Polearms
    85 | D:1      | Reached XP level 2. HP: 16/22 MP: 2/2
   591 | D:1      | Reached skill level 6 in Polearms
   591 | D:1      | Reached XP level 3. HP: 25/27 MP: 3/3
   973 | D:2      | Found a bloodstained altar of Trog.
  1425 | D:3      | Noticed Terence
  1438 | D:3      | Killed Terence
  1439 | D:3      | Reached skill level 7 in Polearms
  1439 | D:3      | Reached XP level 4. HP: 16/33 MP: 4/4
  1681 | D:3      | Noticed Grinder
  1699 | D:3      | Paralysed by Grinder for 7 turns
  1704 | D:3      | Killed from afar by Grinder

Illustrated notes

Levels and vault maps discovered:
D:1:      noname_arrival_rooms_in_the_neighbourhood, layout_rooms
D:2:      layout_loops_ring, basic_altar, minmay_splitting_lines,
          minmay_misc_feat_plants, minmay_tall_x
D:3:      layout_rooms, minitemple, st_stairs_9, chequers_serial_rivers_micro_d,
          uniq_terence, uniq_crazy_yiuf_cottage, uniq_jessica, uniq_grinder

Skill      XL: |  1  2  3 |
---------------+----------+-----
Polearms       | 5 6 7 |  7.3
Fighting       | |  2.1
Throwing       | |  2.0
Dodging        | |  4.0

Action                   |  1- 3 |  4- 6 || total
-------------------------+-------+-------++-------
Melee: Trident           |   118 |    24 ||   142
       Punch             |     1 |       ||     1
Throw: Throwing net      |       |     1 ||     1
 Stab: Sleeping          |     2 |     1 ||     3
Armor: Leather armour    |    30 |     3 ||    33
Dodge: Dodged            |    61 |     4 ||    65
